 Dungeon Crawl Stone Soup version 0.18-a0-853-gfe32976 (webtiles) character file.

702 Proton the Insei (level 7, -2/38 HPs)
             Began as a Vine Stalker Monk on Dec 21, 2015.
             Slain by Menkaure (8 damage)
             ... on level 4 of the Dungeon.
             The game lasted 00:06:17 (2837 turns).

Proton the Insei (Vine Stalker Monk)                Turns: 2837, Time: 00:06:17

Health: -2/38      AC: 13    Str: 15    XL:     7   Next: 66%
Magic:  0/8        EV:  5    Int: 10    God:
Gold:   150        SH:  0    Dex: 17    Spells: 0 memorised, 6 levels left

rFire  . . .     SeeInvis .       - Unarmed
rCold  . . .     Gourm    .     j - +0 plate armour
rNeg   . . .     Faith    .     (no shield)
rPois  .         Spirit   +     q - +0 helmet
rElec  .         Dismiss  .     (no cloak)
rCorr  .         Reflect  .     r - +0 pair of gloves
SustAt .         Harm     .     (no boots)
MR     .....                    (no amulet)
Stlth  ..........               (no ring)
                                (no ring)

@: not resistant to hostile enchantments, extremely unstealthy
A: fangs 2, regeneration 2, magic shield, antimagic bite, no device heal 3, rot
immunity
a: no special abilities


You were on level 4 of the Dungeon.
You were not hungry.

You visited 1 branch of the dungeon, and saw 5 of its levels.

You collected 150 gold pieces.

Inventory:

Armour
 j - a +0 plate armour (worn)
 q - a +0 helmet (worn)
 r - a +0 pair of gloves (worn)
Wands
 l - a wand of frost (17/48)
Scrolls
 b - a scroll of noise {unknown}
 d - a scroll of recharging {unknown}
 g - 5 scrolls of identify {unknown}
 h - a scroll of magic mapping {unknown}
 k - 2 scrolls of random uselessness {unknown}
 m - a scroll of enchant weapon {unknown}
 o - 5 scrolls of remove curse {unknown}
 p - a scroll of blinking {unknown}
 s - 2 scrolls of teleportation {unknown}
 u - a scroll of amnesia {unknown}
 w - a scroll of fear {unknown}
Potions
 c - 4 potions of curing
 e - 2 potions of heal wounds {unknown}
 f - a potion of might {unknown}
 i - a potion of lignification {unknown}
 t - 2 potions of cancellation {unknown}
Comestibles
 a - 4 fruits
 n - a bread ration
 v - a royal jelly


   Skills:
 + Level 4.6 Fighting
 + Level 3.0 Armour
 + Level 3.2 Dodging
 + Level 2.6 Stealth
 + Level 6.4 Unarmed Combat


You had 6 spell levels left.
You didn't know any spells.

Dungeon Overview and Level Annotations

Branches:
Dungeon (5/15)
 Temple: D:4-7

Altars:
Dithmenos
Qazlal
Vehumet

Annotations:
D:4 Duvessa, Menkaure


Innate Abilities, Weirdness & Mutations

You have extremely sharp teeth.
You heal very quickly.
When hurt, damage is shared between your health and your magic reserves.
Your bite disrupts and absorbs the magic of your enemies.
Potions and wands cannot restore your health.
You are immune to rotting.


Message History

You see here an adder corpse.
You hit Menkaure but do no damage. You punch Menkaure, but do no damage.
You bite Menkaure.
Menkaure's magic leaks into the air.
You drain his magic.
You feel invigorated.
Menkaure is lightly damaged.
Menkaure calls on the powers of darkness!
Your body is wracked with pain!
Your plate armour prevents you from hitting Menkaure.
Your bite misses Menkaure.
Menkaure is lightly damaged.
You barely miss Menkaure. You bite Menkaure.
Menkaure's magic leaks into the air.
You drain his magic.
You feel invigorated.
Menkaure is moderately damaged.
Menkaure hits you!
* * * LOW HITPOINT WARNING * * *
You punch Menkaure! You bite Menkaure.
Menkaure's magic leaks into the air.
You drain his magic.
You feel invigorated.
Menkaure is severely damaged.
Menkaure hits you!
You die...

##...#.## #.#
#.###...###......
##..#.#####.#
##.#[.#.# #####..
#..#.##....#
##.#.#.# #..
#..........#
###.#.#######..
#..#........
#.#..........
......
#.#.......†..
......#
#.#..######.#
.......#####....##
#.#
#.....M@.........#
#.#
######>#####.....#
#.# #. #.....# #.#
.. ##...## #.# ###
##.## #.# #.# #.#
#.# #[# #.# #.#
#.# #.#


You could see Menkaure.

Vanquished Creatures
  Sigmund (D:2)
  An ogre (D:4)
  Dowan (D:4)
  A crimson imp (D:3)
  2 orc priests (D:3)
  An orc wizard (D:4)
  2 worker ants (D:4)
  Terence (D:3)
  Natasha (D:5)
  Robin (D:2)
  3 gnolls (D:2)
  6 adders
  4 worms
  2 giant geckos (D:3)
  7 orcs
  3 giant cockroaches
  15 goblins
  9 hobgoblins
  7 jackals (D:3)
  2 quokkas
  A ball python (D:4)
  8 bats
  4 giant newts
  6 kobolds
  9 rats
98 creatures vanquished.

Notes
Turn   | Place    | Note
--------------------------------------------------------------
     0 | D:1      | Proton the Vine Stalker Monk began the quest for the Orb.
     0 | D:1      | Reached XP level 1. HP: 11/11 MP: 2/2
   113 | D:1      | Reached XP level 2. HP: 10/16 MP: 3/3
   535 | D:1      | Reached XP level 3. HP: 20/20 MP: 4/4
   836 | D:2      | You fall through a shaft for 2 floors!
   900 | D:4      | Reached XP level 4. HP: 24/24 MP: 5/5
   911 | D:4      | Found a shadowy altar of Dithmenos.
   916 | D:4      | Noticed Duvessa
   916 | D:4      | Noticed Dowan
   943 | D:3      | Noticed Terence
   980 | D:3      | Killed Terence
  1151 | D:3      | Reached skill level 5 in Unarmed Combat
  1151 | D:3      | Reached XP level 5. HP: 28/28 MP: 6/6
  1245 | D:3      | Reached skill level 1 in Armour
  1599 | D:2      | Noticed Sigmund
  1617 | D:2      | Killed Sigmund
  1617 | D:2      | Gained mutation: You heal very quickly. [Vine Stalker growth]
  1617 | D:2      | Reached XP level 6. HP: 20/33 MP: 7/7
  1701 | D:2      | Noticed Robin
  1707 | D:2      | Killed Robin
  1841 | D:2      | Found a stormy altar of Qazlal.
  2212 | D:3      | Reached skill level 6 in Unarmed Combat
  2212 | D:3      | Reached XP level 7. HP: 19/37 MP: 6/8
  2519 | D:4      | Noticed Natasha
  2528 | D:5      | Entered Level 5 of the Dungeon
  2531 | D:5      | Killed Natasha
  2599 | D:4      | Found a radiant altar of Vehumet.
  2788 | D:4      | Killed Dowan
  2825 | D:4      | Noticed Menkaure
  2837 | D:4      | Slain by Menkaure

Vault maps used:
D:1:      grunt_arrival_lava_bath, minmay_misc_feat_four_crosses
D:2:      nicolae_overflow_crystal_walls, first_bread, uniq_robin, uniq_sigmund
D:3:      minivault_19, uniq_terence
D:4:      vehumet_altar_wand_db, kennysheep_mini, hangedman_decor_riveting,
          uniq_duvessa, uniq_natasha, uniq_menkaure
D:5:      zin_purify, marbit_many_paths, basic_altar, uniq_crazy_yiuf_cottage

Action                   |  1- 3 |  4- 6 |  7- 9 || total
-------------------------+-------+-------+-------++-------
Melee: Unarmed           |    91 |   281 |    87 ||   459
  Eat: Bread ration      |       |     1 |       ||     1
       Royal jelly       |       |       |     1 ||     1
